[Event "Late-Titled-Tuesday-Blitz-June-04-2024"]
[Site "Chess.com"]
[Date "2024.06.04"]
[Round "9"]
[White "rhungaski"]
[Black "TheoSlade"]
[Result "1/2-1/2"]
[WhiteElo "2624"]
[BlackElo "2483"]
[TimeControl "180+1"]
[EndTime "15:41:51 PDT"]
[Termination "Game drawn by repetition"]

1. e4 e5 2. Nf3 Nc6 3. Bc4 Bc5 4. c3 Nf6 5. d3 d6 6. Bg5 h6 7. Bh4 Qe7 8. a4 a5 9. Nbd2 Be6 10. Qb3 O-O-O 11. Bd5 g5 12. Bg3 Nh5 13. Nc4 Bxd5 14. exd5 Nb8 15. Nxa5 Bb6 16. Nxb7 Kxb7 17. a5 e4 18. dxe4 Qxe4+ 19. Kf1 Rhe8 20. Nd4 Qd3+ 21. Kg1 Qd2 22. h3 Nxg3 23. axb6 Re1+ 24. Kh2 Rxh1+ 25.
Rxh1 Nxh1 26. bxc7+ Kxc7 27. Kxh1 Qc1+ 28. Kh2 Qf4+ 29.
Kg1 Qc1+ 30. Kh2 Qf4+ 31. Kg1 Qc1+ 32. Kh2 1/2-1/2

[Event "Late-Titled-Tuesday-Blitz-June-04-2024"]
[Site "Chess.com"]
[Date "2024.06.04"]
[Round "9"]
[White "rikchessmx"]
[Black "campochess"]
[Result "1-0"]
[WhiteElo "2348"]
[BlackElo "2179"]
[TimeControl "180+1"]
[EndTime "15:41:51 PDT"]
[Termination "rikchessmx won by resignation"]

1. e4 c5 2. Nf3 Nc6 3. d4 cxd4 4.
Nxd4 e5 5. Nb5 a6 6. Nd6+ Bxd6 7. Qxd6 Qe7 8. Qd3 Nf6 9. a3 h6 10. c4 d6 11. Nc3 Be6 12. Be3 O-O 13. Be2 Rfd8 14.
Bb6 Rd7 15. O-O Rc8 16. Rac1 Nd4 17. b3 Nxe2+ 18. Qxe2 Nh7 19. Rfd1 f5 20. exf5 Bxf5 21. Nd5 Qf7 22. Be3 Re8 23. Nb6 Rdd8 24. Rd2 Nf6 25.
Rcd1 Ng4 26. Rxd6 Rxd6 27. Rxd6 Nxe3 28. Qxe3 Qc7 29. c5 e4 30. h3 Qf7 31. b4 Qa2 32.
Qf4 Qa1+ 33. Kh2 Qe5 34. Qxe5 Rxe5 35. Rd8+ Kf7 36. Rb8 Re7 37. Nc4 Ke6 38. Nd6 Bg6 39. Rxb7 Rxb7 40. Nxb7 Kd5 41. Na5 Be8 42. Kg3 g5 43.
Kg4 Bg6 44. h4 gxh4 45. Kxh4 Bf7 46. Kg4 Bg6 47. Kf4 Kd4 48. Nc6+ Kd5 49. Ne5 Bh7 50.
a4 a5 51. c6 Kd6 52. bxa5 Kc7 53. a6 Kb6 54. a5+ Kxa6 55. Nc4 Bg8 56. Nd6 Kxa5 57.
c7 Be6 58. c8=Q Bxc8 59. Nxc8 1-0

[Event "Late-Titled-Tuesday-Blitz-June-04-2024"]
[Site "Chess.com"]
[Date "2024.06.04"]
[Round "9"]
[White "ChessLebaneseSalah"]
[Black "MaxLeto"]
[Result "1-0"]
[WhiteElo "2586"]
[BlackElo "2436"]
[TimeControl "180+1"]
[EndTime "15:41:53 PDT"]
[Termination "ChessLebaneseSalah won by checkmate"]

1. e4 c5 2. Nf3 d6 3. d4 cxd4 4. Nxd4 Nf6 5. Nc3 a6 6. a3 e6 7.
g4 Be7 8. g5 Nfd7 9. h4 b5 10.
Be3 Bb7 11. Rg1 Nb6 12. h5 g6 13. Qd2 N8d7 14. O-O-O Ne5 15. f4 Nec4 16. Qf2 Qc7 17. f5 e5 18. fxg6 hxg6 19. hxg6 Nxe3 20. Qxf7+ Kd7 21.
Qe6+ Kd8 22. g7 Re8 23. g8=Q exd4 24. g6 Nxd1 25. g7 dxc3 26. Qxe8+ Kxe8 27. g8=Q# 1-0

[Event "Late-Titled-Tuesday-Blitz-June-04-2024"]
[Site "Chess.com"]
[Date "2024.06.04"]
[Round "9"]
[White "GlavkonVVS"]
[Black "pirulillo"]
[Result "1-0"]
[WhiteElo "2550"]
[BlackElo "2381"]
[TimeControl "180+1"]
[EndTime "15:41:54 PDT"]
[Termination "GlavkonVVS won by checkmate"]

1. c4 Nf6 2. Nc3 g6 3. Nf3 Bg7 4. d4 O-O 5. Bg5 c5 6. d5 d6 7. e4 a6 8. a4 h6 9. Bh4 Qa5 10. Bd3 Qb4 11. Qc2 Bg4 12. Nd2 e6 13. O-O exd5 14. cxd5 g5 15. Bg3 Ne8 16. Nc4 Nd7 17. Nxd6 Nxd6 18. Bxd6 Rfc8 19. a5 Qd4 20. Ra4 c4 21.
Be2 Bxe2 22. Qxe2 Ne5 23. Bxe5 Bxe5 24. Rd1 Qc5 25. h4 Kg7 26. hxg5 hxg5 27. Qg4 Qe7 28. g3 Rc7 29. d6 Bxd6 30. Nd5 Qe5 31. Nxc7 Bxc7 32.
Rd5 Qxb2 33. Rxg5+ Kf8 34. Rg8+ Ke7 35. Qg5+ Kd7 36. Qd5+ Bd6 37. Qxf7+ Kc6 38. Rxc4+ Kb5 39. Qd5+ Bc5 40. Qxc5# 1-0

[Event "Late-Titled-Tuesday-Blitz-June-04-2024"]
[Site "Chess.com"]
[Date "2024.06.04"]
[Round "9"]
[White "HansOnTwitch"]
[Black "rezamahdavi2008"]
[Result "0-1"]
[WhiteElo "3134"]
[BlackElo "2967"]
[TimeControl "180+1"]
[EndTime "15:41:56 PDT"]
[Termination "rezamahdavi2008 won on time"]

1. e4 e5 2. Nf3 Nc6 3. Bc4 Nf6 4.
d3 Bc5 5. c3 d6 6. O-O a5 7.
Re1 O-O 8. h3 h6 9. Nbd2 Be6 10.
b3 Qb8 11. a4 Qa7 12. Qe2 Nh5 13. Nf1 Bxc4 14. bxc4 f5 15. exf5 Rxf5 16. Be3 Nf4 17. Bxf4 Rxf4 18. Ng3 Raf8 19. Ne4 Bb6 20. Rab1 Kh8 21.
Rf1 Nd8 22. Nfd2 Ne6 23. g3 R4f7 24. Kg2 Bc5 25. h4 Qa6 26. Qg4 Nd8 0-1

[Event "Late-Titled-Tuesday-Blitz-June-04-2024"]
[Site "Chess.com"]
[Date "2024.06.04"]
[Round "9"]
[White "Viktor_Poddubnyi"]
[Black "kalxandria"]
[Result "0-1"]
[WhiteElo "2332"]
[BlackElo "2243"]
[TimeControl "180+1"]
[EndTime "15:41:58 PDT"]
[Termination "kalxandria won on time"]

1. e4 e6 2. d4 d5 3. Nd2 c5 4. exd5 Qxd5 5. Ngf3 cxd4 6. Bc4 Qd6 7. O-O Nf6 8. Nb3 Nc6 9. Nbxd4 Nxd4 10. Qxd4 Qxd4 11.
Nxd4 a6 12. Be2 Bc5 13. Nb3 Ba7 14. Bf3 Rb8 15. Bf4 Ra8 16. c4 O-O 17. Na5 Re8 18.
Nxb7 Bxb7 19. Bxb7 Rad8 20. Rfd1 e5 21. Bg3 Rb8 22. Bxa6 Rxb2 23. Bb5 Rc8 24. Rdb1 Rc2 25. Rc1 Rb2 26. Bxe5 Rxf2 27. Kh1 Ng4 28. h3 Nxe5 0-1

[Event "Late-Titled-Tuesday-Blitz-June-04-2024"]
[Site "Chess.com"]
[Date "2024.06.04"]
[Round "9"]
[White "meme0105"]
[Black "rhwr"]
[Result "0-1"]
[WhiteElo "1861"]
[BlackElo "2281"]
[TimeControl "180+1"]
[EndTime "15:41:58 PDT"]
[Termination "rhwr won by resignation"]

1. e4 c5 2. b4 b6 3. bxc5 bxc5 4. Nf3 Bb7 5. d4 Bxe4 6. Nc3 Bb7 7. Bc4 e6 8. d5 Nf6 9. d6 Nc6 10. Nb5 Rc8 11.
Bf4 Qa5+ 12. c3 a6 13. Nc7+ Rxc7 14. dxc7 Qxc3+ 15. Nd2 e5 16. Rb1 Bc8 17. Rb8 exf4 18.
O-O Na7 19. Re1+ Be7 20. Bxa6 O-O 21. Rxe7 Bxa6 22. Nb1 Qa5 23. Qe2 Bxe2 24. Rxf8+ Kxf8 25. Rxe2 Qxc7 26. Nc3 d5 0-1

[Event "Late-Titled-Tuesday-Blitz-June-04-2024"]
[Site "Chess.com"]
[Date "2024.06.04"]
[Round "9"]
[White "Lavandum24"]
[Black "HeinichessPY"]
[Result "0-1"]
[WhiteElo "1862"]
[BlackElo "2265"]
[TimeControl "180+1"]
[EndTime "15:42:05 PDT"]
[Termination "HeinichessPY won on time"]

1. d4 c5 2. d5 Nf6 3. c4 b5 4.
Nc3 b4 5. Nb1 d6 6. Nf3 g6 7. g3 Bg7 8. Bg2 O-O 9. O-O Bf5 10.
Nbd2 Qd7 11. Re1 Bh3 12. e4 Bxg2 13. Kxg2 Nh5 14. Rb1 Qg4 15. Nf1 Qc8 16. b3 a5 17.
Bb2 Nd7 18. Bxg7 Nxg7 19. Qd2 f6 20. Ng1 Ne5 21. f4 Nf7 22. Nf3 Qd7 23. e5 fxe5 24. fxe5 Nxe5 25. Nxe5 dxe5 26. Rxe5 a4 27. Rbe1 Rf7 28.
Qe2 Nf5 29. Ne3 Nd4 30. Qg4 Qc7 31. Re4 axb3 32. axb3 Ra2+ 33. Kh3 Rff2 34. Nf1 Nf5 35. R1e2 Raxe2 36. Rxe2 Rxf1 37. Qe4 Qd6 38. Qe6+ Qxe6 0-1

[Event "Late-Titled-Tuesday-Blitz-June-04-2024"]
[Site "Chess.com"]
[Date "2024.06.04"]
[Round "9"]
[White "Eloist"]
[Black "Felix-Rose"]
[Result "1-0"]
[WhiteElo "2414"]
[BlackElo "2309"]
[TimeControl "180+1"]
[EndTime "15:42:06 PDT"]
[Termination "Eloist won by resignation"]

1. e4 e5 2. Nf3 Nc6 3. Bc4 Nf6 4. d3 Bc5 5. O-O d6 6. Nbd2 a5 7. c3 Ba7 8. h3 Be6 9. Bb5 O-O 10. Re1 Ne7 11. Nf1 Ng6 12. Ng3 c6 13. Ba4 Re8 14. d4 b5 15. Bc2 a4 16. Be3 Qc7 17. Ng5 Bd7 18. b3 axb3 19. Bxb3 exd4 20. Bxf7+ Kh8 21.
cxd4 Rf8 22. Bb3 d5 23. e5 Ng8 24. Qh5 Nh6 25. Bc2 Be8 26. Ne6 Qe7 27. Nxf8 Nxf8 28.
Qf3 Ng8 29. Nf5 Qd7 30. Nd6 Ne6 31. Bf5 g6 32. Bg4 h5 33. Bxe6 Qxe6 34. Qf8 Rb8 35.
Rac1 Bd7 36. Nf7+ Kh7 37. Ng5+ Kh8 38. Nxe6 1-0

[Event "Late-Titled-Tuesday-Blitz-June-04-2024"]
[Site "Chess.com"]
[Date "2024.06.04"]
[Round "9"]
[White "Bond_7_7_7"]
[Black "artin10862"]
[Result "0-1"]
[WhiteElo "2461"]
[BlackElo "2935"]
[TimeControl "180+1"]
[EndTime "15:42:07 PDT"]
[Termination "artin10862 won by checkmate"]

1. e4 e5 2. Nf3 Nf6 3. Nc3 Nc6 4. a3 Bc5 5. Nxe5 Nxe5 6. d4 Bd6 7. f4 Nc6 8. e5 Be7 9. exf6 Bxf6 10. d5 Nd4 11.
Be3 Qe7 12. Kf2 Nf5 13. Qd2 O-O 14. Re1 c5 15. d6 Qd8 16. Ne4 b6 17. Qd5 Nxe3 18.
Qxa8 Nxc2 19. Rc1 Bd4+ 20. Kf3 Ne3 21. Re1 f5 22. Rxe3 fxe4+ 23. Rxe4 Qh4 24. Qd5+ Kh8 25. Bc4 Qf2+ 26. Kg4 Qxg2+ 27. Kh5 Qh3+ 28. Kg5 h6+ 29. Kg6 Rf6# 0-1

[Event "Late-Titled-Tuesday-Blitz-June-04-2024"]
[Site "Chess.com"]
[Date "2024.06.04"]
[Round "9"]
[White "N_Mullodzhanov"]
[Black "CarlosjPineror"]
[Result "0-1"]
[WhiteElo "2521"]
[BlackElo "2682"]
[TimeControl "180+1"]
[EndTime "15:42:09 PDT"]
[Termination "CarlosjPineror won on time"]

1. e4 c5 2. c3 Nf6 3. e5 Nd5 4. Nf3 e6 5. d4 cxd4 6. cxd4 b6 7. Bd2 Na6 8. h4 Bb7 9. Nc3 Nac7 10. a3 Be7 11. h5 O-O 12. Rh3 f5 13. h6 g6 14.
Bd3 Rc8 15. Ne2 Kh8 16. Rc1 g5 17. Rh5 Rg8 18. g4 Nb4 19. axb4 Bxf3 20. Rh3 Bxg4 21.
Rg3 Nd5 22. Bb1 Rxc1 23. Qxc1 Bxe2 24. Kxe2 g4 25. b5 Bg5 26. f4 gxf3+ 27. Kxf3 Bxd2 28. Qxd2 Rxg3+ 29. Kxg3 Qg8+ 30. Kf2 Qg4 31. Qc1 Qxd4+ 32.
Kg2 Qg4+ 33. Kh1 Qh3+ 34. Kg1 Qe3+ 35. Qxe3 Nxe3 36. Bd3 Ng4 37. Kg2 Nxh6 0-1

[Event "Late-Titled-Tuesday-Blitz-June-04-2024"]
[Site "Chess.com"]
[Date "2024.06.04"]
[Round "9"]
[White "jinxy2009"]
[Black "tactic"]
[Result "0-1"]
[WhiteElo "2287"]
[BlackElo "2552"]
[TimeControl "180+1"]
[EndTime "15:42:10 PDT"]
[Termination "tactic won by checkmate"]

1. c4 e5 2. g3 g6 3. Bg2 Bg7 4. Nc3 Ne7 5. Nf3 Nbc6 6. O-O d6 7. d3 O-O 8. Rb1 a5 9. Nd2 f5 10. a3 Be6 11. b4 e4 12. Nb5 Ne5 13. dxe4 Nxc4 14.
exf5 Bxf5 15. e4 Be6 16. Qe2 Ne5 17. Bb2 axb4 18. axb4 c6 19. Nd4 Bg4 20. f3 Bd7 21.
f4 Qb6 22. fxe5 dxe5 23. Nc4 Qa7 24. Ra1 Rxf1+ 25. Qxf1 Qb8 26. Nb3 Be6 27. Nc5 Bf7 28. Nb6 Rxa1 29. Qxa1 Qd6 30. Nxb7 Qxb4 31. Nd7 Qxb7 32.
Nxe5 Qb5 33. Nxf7 Bxb2 34. Qa2 Bd4+ 35. Kh1 Kg7 36. h4 Qd3 37. Ng5 Nd5 38. exd5 Qxg3 39. dxc6 Qe1+ 40. Kh2 Be5+ 41. Kh3 Qg3# 0-1

[Event "Late-Titled-Tuesday-Blitz-June-04-2024"]
[Site "Chess.com"]
[Date "2024.06.04"]
[Round "9"]
[White "Sanan_Sjugirov"]
[Black "FairChess_on_YouTube"]
[Result "0-1"]
[WhiteElo "2946"]
[BlackElo "3082"]
[TimeControl "180+1"]
[EndTime "15:42:12 PDT"]
[Termination "FairChess_on_YouTube won on time"]

1. Nf3 b5 2. g3 Bb7 3. Bg2 Nf6 4. O-O g6 5. d3 Bg7 6. e4 d6 7. Re1 O-O 8. Nbd2 c5 9. a4 b4 10. Nc4 Nfd7 11. h4 Nc6 12. h5 Ba6 13. h6 Bh8 14.
Rb1 Rc8 15. Bg5 Bxc4 16. dxc4 Nd4 17. Be3 Nxf3+ 18. Bxf3 Ne5 19. Be2 Qd7 20. b3 Rcd8 21.
Kg2 Nc6 22. Bg4 Qb7 23. Bf3 Bc3 24. Rh1 Qc7 25. Kg1 Nd4 26. Bg2 Qd7 27. Qd3 Nc6 28.
Rd1 Bd4 29. Bh3 Qb7 30. f4 Bxe3+ 31.
Qxe3 Nd4 32. Rd2 e5 33. Bg2 Qe7 34. Qf2 f5 35. exf5 Rxf5 36. Be4 Rf6 37. Bd5+ Kh8 38. Kg2 Rdf8 39. Re1 Qd7 40. Qe3 exf4 41. gxf4 Rxf4 0-1

[Event "Late-Titled-Tuesday-Blitz-June-04-2024"]
[Site "Chess.com"]
[Date "2024.06.04"]
[Round "9"]
[White "Zampronha1971"]
[Black "ericovski"]
[Result "1-0"]
[WhiteElo "2430"]
[BlackElo "2563"]
[TimeControl "180+1"]
[EndTime "15:42:19 PDT"]
[Termination "Zampronha1971 won by resignation"]

1. e4 c6 2. d4 d5 3. e5 Bf5 4.
Nc3 e6 5. g4 Bg6 6. Nge2 c5 7.
h4 h5 8. Nf4 Bh7 9. Nxh5 Nc6 10. Be3 Qb6 11. Na4 Qa5+ 12. c3 cxd4 13. Bxd4 Nge7 14.
b4 Qc7 15. Bb5 a6 16. Bxc6+ Nxc6 17. Qe2 Nxd4 18. cxd4 Bxb4+ 19. Kf1 b5 20. Nc5 Bxc5 21. Rc1 O-O 22. Rxc5 Qa5 23. Kg2 Qa3 24. Rh3 Be4+ 25. f3 Bd3 26. Qd2 Rfc8 27. Qg5 Bg6 28. Nf4 Qxa2+ 29.
Kg3 Rxc5 30. dxc5 Qb1 31. h5 Qe1+ 32. Kh2 Qd2+ 33. Kg3 Bd3 34. h6 g6 35. h7+ 1-0

[Event "Late-Titled-Tuesday-Blitz-June-04-2024"]
[Site "Chess.com"]
[Date "2024.06.04"]
[Round "9"]
[White "PotapovaM"]
[Black "scrambleyourbrain"]
[Result "1/2-1/2"]
[WhiteElo "2547"]
[BlackElo "2394"]
[TimeControl "180+1"]
[EndTime "15:42:19 PDT"]
[Termination "Game drawn by repetition"]

1. d4 Nf6 2. c4 e6 3. Nc3 Bb4 4. Qc2 O-O 5. e4 d5 6. e5 Ne4 7.
Bd3 c5 8. Nf3 cxd4 9. Nxd4 Nd7 10. Bf4 Qh4 11. g3 Qh5 12. h4 Nxe5 13. Be2 Ng4 14.
Bxg4 Qxg4 15. f3 Qh5 16. g4 Qg6 17. fxe4 e5 18. O-O-O Bxc3 19. Nf5 Bxf5 20. gxf5 Qg4 21. Bh2 Bd4 22. exd5 Rac8 23. Kb1 b5 24. f6 Rxc4 25. Qd2 Qf5+ 26. Ka1 Rc2 27. Qd3 Qxd3 28. Rxd3 Bxb2+ 29. Kb1 Rfc8 30. d6 Bd4 31. Rxd4 exd4 32. d7 gxf6 33. Re1 Kg7 34. Rg1+ Kh8 35. Re1 Kg7 36. Re8 Rc1+ 37.
Kb2 R8c2+ 38. Kb3 a5 39. d8=Q Rc3+ 40. Kb2 R3c2+ 41. Kb3 Rc3+ 42. Kb2 R3c2+ 43. Kb3 1/2-1/2

[Event "Late-Titled-Tuesday-Blitz-June-04-2024"]
[Site "Chess.com"]
[Date "2024.06.04"]
[Round "9"]
[White "dasatcu90"]
[Black "garfield_pg"]
[Result "0-1"]
[WhiteElo "2260"]
[BlackElo "2469"]
[TimeControl "180+1"]
[EndTime "15:42:20 PDT"]
[Termination "garfield_pg won by resignation"]

1. d4 d5 2. Nf3 e6 3. g3 Nf6 4.
Bg2 b5 5. O-O Bb7 6. a4 b4 7. a5 Be7 8. Nbd2 O-O 9. Nb3 Na6 10. h3 Rc8 11. Be3 Ne4 12. Ne5 Nd6 13. Nd3 Nc4 14. Bc1 Bc6 15. Nbc5 Nxc5 16. dxc5 Rb8 17.
b3 Bf6 18. Ra2 Ne5 19. Bf4 Nd7 20. Bd2 Bc3 21. Bxc3 bxc3 22. e3 Rb5 23. Qe1 Qf6 24. b4 Ne5 25. Qxc3 Nf3+ 26. Bxf3 Qxc3 27. Rb1 Rfb8 28. Be2 f6 29. Kf1 d4 30. Rb3 Qd2 31.
exd4 Bd5 32. Rbb2 Bxa2 33. Rxa2 Qc3 34. Rb2 Qxd4 35. Ke1 Rxc5 36. bxc5 Rxb2 37. Nxb2 Qxb2 0-1

[Event "Late-Titled-Tuesday-Blitz-June-04-2024"]
[Site "Chess.com"]
[Date "2024.06.04"]
[Round "9"]
[White "shimastream"]
[Black "Squirlolz"]
[Result "1-0"]
[WhiteElo "2955"]
[BlackElo "2504"]
[TimeControl "180+1"]
[EndTime "15:42:21 PDT"]
[Termination "shimastream won on time"]

1. e4 c5 2. Nf3 d6 3. d4 cxd4 4. Nxd4 Nf6 5. Nc3 a6 6. Be3 Ng4 7. Bg5 h6 8. Bc1 Nf6 9. f3 g6 10. Be3 Bg7 11. Qd2 h5 12. O-O-O Nbd7 13. Kb1 b5 14. a3 Qc7 15. Be2 Bb7 16. h3 h4 17.
Rhe1 Ne5 18. f4 Nc4 19. Bxc4 Qxc4 20. e5 dxe5 21. fxe5 Nd5 22. Ndxb5 Nxc3+ 23. Nxc3 O-O 24. Bh6 Rfd8 25. Qg5 Bxh6 26. Qxh6 Bxg2 27. e6 Rxd1+ 28. Nxd1 Rb8 29. exf7+ Qxf7 30. Qxh4 Rb7 31. Ne3 Bc6 32.
Ng4 Qg7 33. Ne5 Be8 34. Qc4+ Bf7 35. Qc8+ Kh7 36. Qxb7 1-0

[Event "Late-Titled-Tuesday-Blitz-June-04-2024"]
[Site "Chess.com"]
[Date "2024.06.04"]
[Round "9"]
[White "Tol_Tol"]
[Black "glucolisis04"]
[Result "1-0"]
[WhiteElo "2386"]
[BlackElo "2272"]
[TimeControl "180+1"]
[EndTime "15:42:21 PDT"]
[Termination "Tol_Tol won on time"]

1. d4 Nf6 2. c4 e6 3. Nc3 d5 4. Bg5 Be7 5. e3 h6 6. Bf4 O-O 7. cxd5 exd5 8. Bd3 c6 9. Nf3 Nbd7 10. Qc2 Re8 11. O-O Nf8 12. h3 Ne6 13. Bh2 b6 14. Rad1 Bb7 15. Kh1 Bd6 16. Bg1 Ng5 17. Nxg5 hxg5 18.
e4 dxe4 19. Nxe4 Nxe4 20. Bxe4 Qd7 21. Bh7+ Kf8 22. Bf5 Qe7 23. Rd3 g6 24. Bg4 f5 25.
Bf3 Kg7 26. Bxc6 Rac8 27. d5 Qe5 28. Re3 Qf6 29. Rxe8 Rxe8 30. Bxb7 g4 31. Bc6 Rh8 32. Bh2 Bxh2 33. Kxh2 gxh3 34. gxh3 Rxh3+ 35. Kxh3 Qg5 36. Qc3+ 1-0

[Event "Late-Titled-Tuesday-Blitz-June-04-2024"]
[Site "Chess.com"]
[Date "2024.06.04"]
[Round "9"]
[White "Fore_Man"]
[Black "egnfanclub"]
[Result "1-0"]
[WhiteElo "2245"]
[BlackElo "2342"]
[TimeControl "180+1"]
[EndTime "15:42:21 PDT"]
[Termination "Fore_Man won by resignation"]

1. Nf3 Nf6 2. g3 d5 3. Bg2 c5 4.
O-O Nc6 5. d4 e6 6. dxc5 Bxc5 7.
c4 O-O 8. cxd5 Nxd5 9. e4 Ndb4 10. Nc3 Nd3 11. Qe2 Nxc1 12. Raxc1 Nd4 13. Nxd4 Bxd4 14. Rfd1 Qf6 15. Qf3 a6 16. Qxf6 Bxf6 17. f4 Rd8 18. e5 Be7 19. Ne4 Kf8 20. Nd6 Rb8 21. Rc7 Bxd6 22. exd6 Rd7 23. Bxb7 Rxc7 24.
dxc7 Rxb7 25. Rd8+ Ke7 26. Rxc8 Kd7 27. Rf8 Rxc7 28. Rxf7+ Kd6 29. Rxc7 Kxc7 30. Kf2 Kd6 31. Ke3 Kd5 32. Kd3 h5 33. h4 g6 34. b4 e5 35.
fxe5 Kxe5 36. a4 Kd5 37. Ke3 Ke5 38. b5 axb5 39. axb5 Kd5 40. Kf4 1-0

[Event "Late-Titled-Tuesday-Blitz-June-04-2024"]
[Site "Chess.com"]
[Date "2024.06.04"]
[Round "9"]
[White "eljanov"]
[Black "Oleksandr_Bortnyk"]
[Result "0-1"]
[WhiteElo "2949"]
[BlackElo "3055"]
[TimeControl "180+1"]
[EndTime "15:42:22 PDT"]
[Termination "Oleksandr_Bortnyk won on time"]

1. d4 Nf6 2. c4 b6 3. Nc3 Bb7 4.
a3 g6 5. d5 Bg7 6. g3 O-O 7. Bg2 Na6 8. Nf3 Nc5 9. O-O a5 10. Be3 Ne8 11. Bxc5 bxc5 12. e4 Ba6 13. Qd3 Rb8 14. Rab1 Nd6 15. b3 e6 16. Rfe1 exd5 17. Nxd5 a4 18. e5 Nf5 19. bxa4 Rxb1 20. Rxb1 d6 21.
exd6 Nxd6 22. Nd2 Re8 23. a5 Bd4 24. Rc1 c6 25. Nb6 Nxc4 26. Bf1 Nxb6 27. Qxa6 Bxf2+ 28. Kxf2 Qxd2+ 29. Kg1 Nd5 30. Qxc6 Re7 31. Qxc5 Rc7 32. Qxc7 Qe3+ 33. Kg2 Qd2+ 34. Kg1 Nxc7 35. Rxc7 Qxa5 36. Rc8+ Kg7 0-1

[Event "Late-Titled-Tuesday-Blitz-June-04-2024"]
[Site "Chess.com"]
[Date "2024.06.04"]
[Round "9"]
[White "ENajer77"]
[Black "arctic_t00"]
[Result "1-0"]
[WhiteElo "2862"]
[BlackElo "2640"]
[TimeControl "180+1"]
[EndTime "15:42:22 PDT"]
[Termination "ENajer77 won on time"]

1. d4 d5 2. c4 c6 3. Nf3 Nf6 4.
Nc3 e6 5. Qd3 Nbd7 6. Bg5 h6 7.
Bh4 Be7 8. e3 O-O 9. Rd1 c5 10.
cxd5 Nxd5 11. Bxe7 Qxe7 12. Nxd5 exd5 13. dxc5 Nxc5 14.
Qa3 Be6 15. Be2 Rfc8 16. O-O Qf6 17. Nd4 a6 18. Rc1 Ne4 19. Rxc8+ Rxc8 20. Qb4 Rc7 21. f3 Nc5 22. Qd2 Qe5 23. Rc1 Nd7 24. f4 Qd6 25. Rxc7 Qxc7 26. f5 Nc5 27. fxe6 fxe6 28. Qc2 Qa5 29.
Qc3 Qxc3 30. bxc3 Ne4 31. Nxe6 Nxc3 32. Bf3 Kf7 33. Nc5 Ke7 34. Nxb7 Nxa2 35. Bxd5 Nc3 36. Bc4 Nd1 37. e4 Nc3 38. e5 Ne4 39. Bd3 Nc3 40. Bc4 Ne4 41. g3 Kd7 42. Bd3 Nc3 43. Nc5+ Kc6 44.
Ne4 1-0

[Event "Late-Titled-Tuesday-Blitz-June-04-2024"]
[Site "Chess.com"]
[Date "2024.06.04"]
[Round "9"]
[White "Pachonpower"]
[Black "djano"]
[Result "1/2-1/2"]
[WhiteElo "2408"]
[BlackElo "2618"]
[TimeControl "180+1"]
[EndTime "15:42:25 PDT"]
[Termination "Game drawn by agreement"]

1. d4 Nf6 2. Nf3 g6 3. Nc3 Bg7 4. Bf4 O-O 5. Qd2 c5 6. e3 Qa5 7.
Be2 d6 8. O-O Nc6 9. dxc5 Qxc5 10. a3 Bf5 11. Bd3 Bg4 12. Be2 Rac8 13. Rac1 Rfd8 14.
Nd4 e5 15. Nxc6 bxc6 16. Bg5 Bxe2 17. Qxe2 d5 18. Rfd1 h6 19. Bh4 Re8 20. e4 d4 21. Nb1 g5 22. Bg3 Qb6 23. b4 a5 24.
c3 c5 25. bxc5 Rxc5 26. cxd4 exd4 27. e5 Nd5 28. h3 Nc3 29. Nxc3 dxc3 30. Rc2 Bxe5 31.
Bxe5 Rcxe5 32. Qf3 Re1+ 33. Rxe1 Rxe1+ 34. Kh2 Qd6+ 35. g3 Qd1 36. Qxd1 Rxd1 37. Rxc3 Rd2 38. Kg2 Ra2 39. g4 Kg7 40. Kg3 f6 41. f4 gxf4+ 42. Kxf4 Kg6 43. h4 h5 1/2-1/2

[Event "Late-Titled-Tuesday-Blitz-June-04-2024"]
[Site "Chess.com"]
[Date "2024.06.04"]
[Round "9"]
[White "nabukatnezarr"]
[Black "Supelyel"]
[Result "1-0"]
[WhiteElo "2584"]
[BlackElo "2422"]
[TimeControl "180+1"]
[EndTime "15:42:30 PDT"]
[Termination "nabukatnezarr won by resignation"]

1. b3 e5 2. Bb2 d6 3. e3 Nd7 4. d4 c6 5. dxe5 dxe5 6. Nf3 Qc7 7. Be2 Ngf6 8. O-O Be7 9. Nbd2 b5 10. a4 Rb8 11.
axb5 cxb5 12. Ra2 a6 13. c4 O-O 14. Qa1 Bd6 15. Rc1 b4 16. c5 Bxc5 17. Nxe5 Bb7 18.
Bf3 Bxf3 19. Ndxf3 Ne4 20. Qb1 f5 21. Nd3 Qd6 22. Bd4 Bxd4 23. Nxd4 Rbc8 24. Rac2 Nc3 25. Qa1 f4 26. Nxf4 Rxf4 27. exf4 Qxd4 28. Qxa6 Nc5 29.
Qxc8+ Kf7 30. Qf5+ Ke7 31. Qe5+ Qxe5 32. fxe5 N5e4 33.
f3 1-0

[Event "Late-Titled-Tuesday-Blitz-June-04-2024"]
[Site "Chess.com"]
[Date "2024.06.04"]
[Round "9"]
[White "IngOscarArdila"]
[Black "Darkbluelord"]
[Result "1-0"]
[WhiteElo "2288"]
[BlackElo "2130"]
[TimeControl "180+1"]
[EndTime "15:42:32 PDT"]
[Termination "IngOscarArdila won by resignation"]

1. d4 c5 2. Nf3 cxd4 3. Nxd4 e5 4. Nb3 d5 5. e3 Be7 6. Be2 Nf6 7. O-O O-O 8. Nc3 Nc6 9. Bd2 Bf5 10. Bf3 e4 11.
Be2 a6 12. Nd4 Nxd4 13. exd4 Rc8 14. Bf4 Qb6 15. Na4 Qc6 16. Nc3 b5 17. a3 b4 18. axb4 Bxb4 19. Rxa6 Qb7 20. Rxf6 gxf6 21. Bh6 Rfe8 22. Bg4 Qd7 23. Bxf5 Qxf5 24. Nxd5 Bf8 25.
Bxf8 Qxd5 26. Bh6 Kh8 27. b3 Rg8 28. c4 Qf5 29. Be3 Rb8 30. d5 Qg4 31. Qxg4 Rxg4 32. Rb1 f5 33. c5 f4 34. Bd4+ Kg8 35. b4 Rg5 36. d6 Rd5 37. Bf6 e3 38. fxe3 fxe3 39. Kf1 Rf5+ 40. Ke2 Rxf6 41. Kxe3 Rg6 42. g3 Rg4 43. c6 Rbxb4 44. Rxb4 Rxb4 45. d7 1-0

[Event "Late-Titled-Tuesday-Blitz-June-04-2024"]
[Site "Chess.com"]
[Date "2024.06.04"]
[Round "9"]
[White "Harry_Rakkel"]
[Black "StellarChess"]
[Result "0-1"]
[WhiteElo "2675"]
[BlackElo "2540"]
[TimeControl "180+1"]
[EndTime "15:42:33 PDT"]
[Termination "StellarChess won on time"]

1. e4 e5 2. Nc3 g6 3. f4 exf4 4. Nf3 Bg7 5. d4 g5 6. h4 h6 7.
hxg5 hxg5 8. Rxh8 Bxh8 9. g3 g4 10. Nh4 f3 11. Be3 Ne7 12. Qd2 d5 13. O-O-O Be6 14. Qh2 Bg7 15. Bg5 c6 16. exd5 cxd5 17. Re1 Nbc6 18. Bb5 Qb6 19. Bxe7 Bxd4 20. Nxd5 Qa5 21.
Bb4 Qxa2 22. Nc7+ Kd7 23. c3 Kxc7 24. Bxc6 f2 25. Rf1 Qa1+ 26. Kc2 Qxf1 27. cxd4 Qe2+ 0-1

[Event "Late-Titled-Tuesday-Blitz-June-04-2024"]
[Site "Chess.com"]
[Date "2024.06.04"]
[Round "9"]
[White "Jahonas"]
[Black "LoonsDeKoeben"]
[Result "1-0"]
[WhiteElo "2438"]
[BlackElo "2290"]
[TimeControl "180+1"]
[EndTime "15:42:33 PDT"]
[Termination "Jahonas won by checkmate"]

1. e4 b6 2. Nc3 Bb7 3. d4 e6 4.
Nf3 Nf6 5. Bd3 Bb4 6. Qe2 d5 7. e5 Ne4 8. Bd2 Bxc3 9. bxc3 c5 10. Bxe4 dxe4 11. Ng5 cxd4 12. Nxe4 O-O 13. Nd6 dxc3 14. Bxc3 Ba6 15. Qe3 Nd7 16. h4 Nc5 17. O-O-O Qc7 18. Rh3 Na4 19. Bd4 Rac8 20. Rd2 Rfd8 21. Rg3 g6 22. h5 Rxd6 23. hxg6 Rxd4 24. gxh7+ Kh8 25. Qg5 Qxc2+ 26. Rxc2 Rxc2+ 27. Kxc2 Rc4+ 28. Kd2 Rd4+ 29. Ke1 Re4+ 30. Re3 Rxe3+ 31. fxe3 Kxh7 32. Qh4+ Kg6 33. Qxa4 Bd3 34. Qxa7 b5 35. Qd4 Bc4 36. a4 Bd5 37.
axb5 Kf5 38. Qf4+ Kg6 39. g4 f5 40. exf6 Kf7 41. g5 Kg6 42. e4 Bxe4 43. Qxe4+ Kf7 44. Qe5 Kg6 45. Qxe6 Kh7 46. Qf7+ Kh8 47. Qg7# 1-0

[Event "Late-Titled-Tuesday-Blitz-June-04-2024"]
[Site "Chess.com"]
[Date "2024.06.04"]
[Round "9"]
[White "Rodalquilar"]
[Black "denizozen"]
[Result "0-1"]
[WhiteElo "2788"]
[BlackElo "2939"]
[TimeControl "180+1"]
[EndTime "15:42:35 PDT"]
[Termination "denizozen won on time"]

1. d4 d5 2. Nf3 Nf6 3. Bf4 Bf5 4.
e3 e6 5. Ne5 h5 6. c4 Bxb1 7.
Qxb1 Bb4+ 8. Kd1 c5 9. a3 Ba5 10. b4 cxb4 11. axb4 Bc7 12. c5 Ne4 13. Bb5+ Kf8 14.
Qb2 g5 15. f3 gxf4 16. fxe4 dxe4 17. exf4 Bxe5 18. fxe5 Nc6 19. Bxc6 bxc6 20. Rf1 Qd5 21. g3 Qc4 22. Rf4 Rd8 23. Rxa7 Rxd4+ 24. Ke1 f5 25.
exf6 Qd3 26. Ra8+ Kf7 27. Ra7+ Kg6 28. Rg7+ Kh6 29. Qc1 e3 30. Rf3 Qd2+ 31. Qxd2 exd2+ 32. Kd1 Ra8 0-1